 Dungeon Crawl Stone Soup version 0.26-a0-639-g72c4674329 (webtiles) character file.

Game seed: 14080928170549345401

22326 Borgoz the Grappler (level 12, -1/110 HPs)
             Began as a Ghoul Gladiator on Sept 20, 2020.
             Was the Champion of Okawaru.
             Slain by a kobold
             ... wielding a +1 whip of electrocution
              (18 damage)
             ... on level 14 of the Dungeon.
             The game lasted 00:20:17 (13658 turns).

Borgoz the Grappler (Ghoul Gladiator)              Turns: 13658, Time: 00:20:18

Health: -1/110     AC: 23    Str: 31    XL:     12   Next: 99%
Magic:  15/15      EV: 14    Int:  3    God:    Okawaru [******]
Gold:   734        SH:  5    Dex: 14    Spells: 11/11 levels left

rFire    . . .     SeeInvis .     - Unarmed
rCold    + . .     Faith    .   (no shield)
rNeg     + + +     Spirit   .   f - +10 chain mail "Wuixt" {Harm rCorr}
rPois    ∞         Reflect  +   u - +2 hat
rElec    .         Harm     +   y - scarf {repulsion}
rCorr    +         Rampage  .   (no gloves)
MR       .....                  (no boots)
Stlth    ..........             K - amulet of reflection
HPRegen  0.00/turn              r - +6 ring of strength
MPRegen  0.14/turn              e - +6 ring of strength

@: repel missiles
A: rotting body, claws 1, cold resistance 1, negative energy resistance 3,
inhibited regeneration, torment resistance, unbreathing
a: Heroism, Finesse, Renounce Religion


You were on level 14 of the Dungeon.
You worshipped Okawaru.
Okawaru was exalted by your worship.
You visited 2 branches of the dungeon, and saw 15 of its levels.
You also visited: Sewer.

You collected 734 gold pieces.

Inventory:

Missiles
 H - 2 throwing nets (quivered)
Armour
 f - the +10 chain mail "Wuixt" (worn) {Harm rCorr}
   (You found it on level 5 of the Dungeon)

   It provides partial protection from all sources of acid and corrosion.
   It increases damage dealt and taken.
 u - a +2 hat (worn)
 v - the +1 plate armour of Proximity {Harm rN+ MR++ Stlth-}
   (You found it on level 5 of the Dungeon)

   It protects you from negative energy.
   It affects your resistance to hostile enchantments.
   It increases damage dealt and taken.
   It makes you less stealthy.
 y - a scarf of repulsion (worn)
 O - a +3 scale mail of cold resistance
Jewellery
 e - a +6 ring of strength (right claw)
 g - an uncursed ring of flight
 l - an uncursed amulet of guardian spirit
 r - a +6 ring of strength (left claw)
 J - a +6 ring of intelligence
 K - an amulet of reflection (around neck)
Wands
 b - a wand of digging (4)
 c - a wand of acid (9)
 z - a wand of paralysis (12)
 G - a wand of polymorph (10)
Scrolls
 d - 3 scrolls of blinking
 i - 2 scrolls of fog
 n - 6 scrolls of amnesia
 o - 3 scrolls of enchant weapon {unknown}
 q - 2 scrolls of teleportation
 s - 7 scrolls of remove curse
 t - 2 scrolls of noise {unknown}
 w - 2 scrolls of immolation {unknown}
 x - 3 scrolls of fear {unknown}
 A - a scroll of brand weapon {unknown}
 B - a scroll of enchant armour
 C - a scroll of magic mapping
 E - a scroll of identify
 F - a scroll of random uselessness {unknown}
 L - a scroll of acquirement {unknown}
Potions
 a - 10 potions of curing
 h - 6 potions of stabbing
 j - 5 potions of might
 k - 4 potions of invisibility
 m - 6 potions of heal wounds
 p - 3 potions of flight
 D - 2 potions of magic
 I - a potion of brilliance {unknown}
 M - 2 potions of ambrosia {unknown}
 N - a potion of berserk rage {unknown}


   Skills:
 * Level 11.2 Fighting
 - Level 1.9 Throwing
 * Level 9.9 Armour
 + Level 8.6 Dodging
 - Level 5.0 Stealth
 * Level 12.1 Unarmed Combat
 + Level 5.4 Invocations


You had 11 spell levels left.
You didn't know any spells.
Your spell library contained the following spells:

 Spells                   Type           Power        Failure   Level
 Freeze                   Ice            #...         93%         1
 Magic Dart               Conj           #...         93%         1
 Sandblast                Erth           #.....       93%         1
 Blink                    Tloc           N/A          98%         2
 Call Imp                 Summ           #.......     98%         2
 Passwall                 Tmut/Erth      #.......     98%         2
 Slow                     Hex            #.......     98%         2
 Swiftness                Air            #.......     98%         2
 Confusing Touch          Hex            #.......     100%        3
 Conjure Flame            Conj/Fire      #.......     100%        3
 Frozen Ramparts          Ice            #.....       100%        3
 Gell's Gravitas          Tloc           #.........   100%        3
 Mephitic Cloud           Conj/Pois/Air  #.......     100%        3
 Ozocubu's Armour         Ice            #.......     100%        3
 Stone Arrow              Conj/Erth      #.....       100%        3
 Hailstorm                Conj/Ice       #.......     100%        4
 Passage of Golubria      Tloc           N/A          100%        4
 Petrify                  Tmut/Erth      #.......     100%        4
 Summon Ice Beast         Ice/Summ       #.......     100%        4
 Lee's Rapid Deconstruct  Erth           #.........   100%        5
 Metabolic Englaciation   Hex/Ice        #.........   100%        5
 Yara's Violent Unravell  Hex/Tmut       #.........   100%        5
 Invisibility             Hex            #.......     100%        6


Dungeon Overview and Level Annotations

Branches:
Dungeon (14/15)            Temple (1/1) D:6            Lair (0/6) D:11
    Orc (0/2) D:9           Sewer (visited)
 Vaults: D:13-14

Altars:
Ashenzari
Cheibriados
Dithmenos
Hepliaklqana
Kikubaaqudgha
Makhleb
Nemelex Xobeh
Okawaru
Qazlal
Sif Muna
Trog
Uskayaw
Xom
Yredelemnul
Zin
The Shining One

Shops:
D:6 [   D:10 :

Annotations:
D:11 exclusion: 2 oklob plants


Innate Abilities, Weirdness & Mutations

Your body is rotting away.
You thrive by killing the living.
You are immune to poison.
You have sharp fingernails.
Your flesh is cold resistant. (rC+)
You are immune to negative energy. (rN+++)
You do not regenerate when monsters are visible.
You are immune to unholy pain and torment.
You can survive without breathing.


Message History

The kobold closely misses you.
You claw the kobold!
You kill the kobold!
You block the kobold's attack.
A centaur warrior comes into view.
The kobold throws a stone.
You reflect the stone off an invisible shield around you!
The stone hits the kobold but does no damage.
You hear a splash.
The kobold hits you but does no damage.
You closely miss the kobold. The kobold closely misses you.
The centaur warrior wields a +0 shortbow.
The centaur warrior shoots an arrow.
You reflect the arrow off an invisible shield around you!
The arrow hits the centaur warrior.
The kobold closely misses you.
The kobold throws a stone.
The stone closely misses you.
You hear a shout!
You closely miss the kobold. You block the kobold's attack.
The kobold hits you but does no damage.
You are electrocuted!
You die...

....... .......
...... .......
.....# ...)...
.....## ##.....
......# .......
......#
......G##......#
....W..()......#
....#..K@.......
# #....KK......c
#.............
###..(........
##..........
...........
.........≈..
......u.≈⌠K.# ..
..≈K


You could see a brown ugly thing, a centaur warrior, an eye of draining, a
wraith and 4 kobolds.

Vanquished Creatures
  A slime creature (D:12)
  A hydra (D:13)
  Erica (D:9)
  2 centaur warriors
  3 two-headed ogres
  A skeletal warrior (D:10)
  An unseen horror (D:13)
  2 ugly things (D:14)
  4 cyclopes
  3 manticores
  A centaur zombie (D:12)
  2 gargoyles
  A queen bee (D:11)
  2 trolls
  4 hippogriffs
  A meliai zombie (D:12)
  2 shadows (D:13)
  4 wyverns
  13 yaks
  A basilisk (D:12)
  3 wraiths
  2 soldier ants (D:12)
  2 water moccasins
  5 ogres
  7 orc warriors
  4 sky beasts
  2 black bears
  5 ice beasts
  5 centaurs
  5 bullfrogs
  3 big kobolds
  A water moccasin zombie (D:11)
  A gnoll sergeant (D:12)
  2 scorpions
  13 killer bees
  10 wights
  2 electric eels (D:12)
  A bullfrog zombie (D:12)
  19 orc wizards
  4 bullfrog skeletons
  11 orc priests
  3 centaur skeletons
  A gnoll shaman (D:7)
  7 hounds
  A jelly (D:11)
  3 iguanas
  6 worker ants
  A worker ant zombie (D:11)
  13 gnolls
  6 adders
  2 shadow imps
  2 ufetubi
  2 oozes (Sewer)
  An adder skeleton (D:10)
  A worm (D:3)
  3 dart slugs
  3 leopard geckos
  65 orcs
  7 giant cockroaches
  9 goblins
  10 hobgoblins
  13 jackals
  5 quokkas
  2 ball pythons (Sewer)
  10 bats
  3 frilled lizards
  A jackal skeleton (D:7)
  44 kobolds
  A quokka zombie (D:3)
  13 rats
395 creatures vanquished.

Vanquished Creatures (others)
  An orc priest (D:12)
  7 plants (D:11)
8 creatures vanquished.

Grand Total: 403 creatures vanquished

Notes
Turn   | Place    | Note
-------+----------+-------------------------------------------
     0 | D:1      | Borgoz the Ghoul Gladiator began the quest for the Orb.
     0 | D:1      | Reached XP level 1. HP: 17/17 MP: 0/0
    81 | D:1      | Reached XP level 2. HP: 21/25 MP: 1/1
   594 | D:1      | Reached skill level 1 in Armour
   594 | D:1      | Reached XP level 3. HP: 30/30 MP: 2/2
  1039 | D:2      | Reached skill level 4 in Unarmed Combat
  1136 | D:2      | Reached XP level 4. HP: 37/37 MP: 3/3
  1162 | D:2      | Found a shimmering blue altar of Sif Muna.
  1310 | D:2      | Found a faded altar of an unknown god.
  1386 | D:2      | Found a snail-covered altar of Cheibriados.
  1478 | D:3      | Noticed a centaur
  1501 | D:3      | Killed a centaur
  1501 | D:3      | Reached XP level 5. HP: 35/45 MP: 4/4
  1547 | D:3      | Found a glowing drain.
  1557 | Sewer    | Entered a sewer
  2085 | D:3      | Reached XP level 6. HP: 37/51 MP: 2/5
  2091 | D:3      | Reached skill level 5 in Unarmed Combat
  2195 | D:3      | Found a hide-covered altar of Uskayaw.
  2541 | D:3      | Found a stormy altar of Qazlal.
  2546 | D:3      | You fall into a shaft and drop 2 floors!
  2546 | D:5      | Entered Level 5 of the Dungeon
  2577 | D:4      | Reached XP level 7. HP: 50/58 MP: 6/6
  2599 | D:4      | HP: 1/58 [killer bee (3)]
  2897 | D:4      | Reached skill level 6 in Unarmed Combat
  2936 | D:4      | Found a sparkling altar of Nemelex Xobeh.
  3297 | D:3      | Found a shadowy altar of Dithmenos.
  3506 | D:4      | Reached XP level 8. HP: 67/67 MP: 5/7
  3706 | D:5      | Found a glowing silver altar of Zin.
  3839 | D:5      | Reached skill level 1 in Stealth
  3855 | D:5      | Found a hazy altar of Hepliaklqana.
  3928 | D:5      | Found a snail-covered altar of Cheibriados.
  4211 | D:5      | Got a heavily runed chain mail
  4222 | D:5      | Identified the +10 chain mail "Wuixt" {Harm rCorr} (You
                  | found it on level 5 of the Dungeon)
  4305 | D:5      | Found a shadowy altar of Dithmenos.
  4328 | D:5      | Got a dazzling plate armour
  4339 | D:5      | Identified the cursed +1 plate armour of Proximity {Harm
                  | rN+ MR++ Stlth-} (You found it on level 5 of the Dungeon)
  4712 | D:6      | Reached skill level 5 in Fighting
  4924 | D:6      | Found a burning altar of Makhleb.
  4952 | D:6      | Found Cinke's Antique Armour Shop.
  5010 | D:6      | Reached skill level 7 in Unarmed Combat
  5118 | D:6      | Reached skill level 5 in Armour
  5121 | D:6      | Found a staircase to the Ecumenical Temple.
  5132 | Temple   | Entered the Ecumenical Temple
  5143 | Temple   | Became a worshipper of Warmaster Okawaru
  5637 | D:7      | Reached skill level 5 in Dodging
  5759 | D:7      | Noticed a hippogriff
  5772 | D:7      | Killed a hippogriff
  5772 | D:7      | Reached XP level 9. HP: 71/75 MP: 5/8
  5987 | D:7      | Found a glowing golden altar of the Shining One.
  6085 | D:7      | Found a shattered altar of Ashenzari.
  6190 | D:7      | Reached * piety under Okawaru
  6353 | D:8      | Reached skill level 8 in Unarmed Combat
  6564 | D:8      | Reached ** piety under Okawaru
  6769 | D:9      | Noticed a two-headed ogre
  6791 | D:9      | Reached XP level 10. HP: 50/86 MP: 0/9
  6795 | D:9      | Killed a two-headed ogre
  6960 | D:9      | Noticed a gargoyle
  6969 | D:9      | Killed a gargoyle
  6969 | D:9      | Reached skill level 9 in Unarmed Combat
  7302 | D:9      | Found a glowing golden altar of the Shining One.
  7473 | D:9      | Noticed Erica
  7490 | D:9      | Killed Erica
  7490 | D:9      | Reached *** piety under Okawaru
  7768 | D:9      | Reached skill level 5 in Stealth
  8054 | D:9      | Found a staircase to the Orcish Mines.
  8235 | D:9      | Reached skill level 1 in Invocations
  8677 | D:10     | Entered Level 10 of the Dungeon
  8884 | D:10     | Found Ilaolo's Book Shop.
  9092 | D:10     | Noticed a manticore
  9093 | D:10     | Noticed a centaur warrior
  9094 | D:10     | Noticed a skeletal warrior
  9252 | D:10     | Reached XP level 11. HP: 79/95 MP: 7/11
  9270 | D:10     | Noticed a manticore
  9277 | D:10     | Killed a manticore
  9277 | D:10     | Received a gift from Okawaru
  9282 | D:10     | Killed a manticore
  9493 | D:10     | Reached **** piety under Okawaru
  9493 | D:10     | Reached skill level 10 in Unarmed Combat
  9997 | D:10     | Killed a centaur warrior
 10000 | D:10     | Killed a skeletal warrior
 10253 | D:11     | Noticed a manticore
 10262 | D:11     | Killed a manticore
 10262 | D:11     | Reached ***** piety under Okawaru
 10829 | D:11     | Received a gift from Okawaru
 10971 | D:11     | Noticed a cyclops
 10981 | D:11     | Killed a cyclops
 11042 | D:11     | Reached XP level 12. HP: 106/106 MP: 13/13
 11047 | D:11     | Reached skill level 10 in Fighting
 11047 | D:11     | Reached skill level 11 in Unarmed Combat
 11293 | D:11     | Found a staircase to the Lair.
 11577 | D:12     | Received a gift from Okawaru
 12811 | D:13     | Noticed a two-headed ogre
 12821 | D:13     | Killed a two-headed ogre
 12982 | D:13     | Noticed a two-headed ogre
 12992 | D:13     | Killed a two-headed ogre
 12992 | D:13     | Reached skill level 5 in Invocations
 13131 | D:13     | Noticed a centaur warrior
 13138 | D:13     | Killed a centaur warrior
 13189 | D:13     | Noticed an eight-headed hydra
 13199 | D:13     | Killed an eight-headed hydra
 13199 | D:13     | Reached ****** piety under Okawaru
 13199 | D:13     | Reached skill level 12 in Unarmed Combat
 13502 | D:13     | Received a gift from Okawaru
 13656 | D:14     | Noticed a centaur warrior
 13658 | D:14     | Slain by a kobold

Illustrated notes

Levels and vault maps discovered:
D:1:      psy_arrival_heroes, layout_basic
D:2:      layout_rooms, led_sif_pool, kennysheep_slug_shrine,
          chequers_ecumenical_altar_twisty
D:3:      layout_loops_ring, nicolae_qazlal_general_emergency,
          eat_drink_and_be_merry_uskayaw, portal_sewer_entry_f,
          nicolae_dithmenos_through_a_glass_darkly
D:4:      layout_rooms, lemuel_doored_altar
D:5:      layout_gridville, lemuel_round_altar, nicolae_overflow_hidden_temple,
          kennysheep_mini_moat, lemuel_statue_altar
D:6:      layout_gridville, minmay_temple_entry_grid, serial_shops,
          kennysheep_little_box, bloody_makhleb
D:7:      layout_basic, kennysheep_mini, basic_altar
D:8:      layout_rooms
D:9:      layout_layer_cave, hiddenorc2_lemuel, hangedman_decor_diamond_cutter,
          tso_altar, uniq_erica
D:10:     minmay_the_grid_triangle_9x9_recursive_2_mashed
          [minmay_the_grid_triangle_9x9_prize_schism,
          minmay_the_grid_triangle_9x9_checkered,
          minmay_the_grid_triangle_9x9_odd_lines,
          minmay_the_grid_triangle_9x9_zippers_horizontal],
          layout_loops_corners, serial_shops, shop
D:11:     layout_roguey, dpeg_oklobed_lair, nicolae_looking_at_the_future
D:12:     layout_rooms, disabler_island
D:13:     layout_loops_ring
D:14:     layout_cave_pools, david_vaults_3, corexii_leaking_fountain
Temple:   nicolae_temple_god_jail

Skill      XL: |  1  2  3  4  5  6  7  8  9 10 11 12 |
---------------+-------------------------------------+-----
Armour         | 1 2 3 4 5 6 7 8 9 |  9.9
Dodging        | 3 4 5 6 7 8 |  8.6
Unarmed Combat | 4 5 6 7 8 9 10 12 | 12.1
Fighting       | 3 4 5 7 8 9 11 | 11.2
Stealth        | 2 4 5 |  5.0
Invocations    | 1 3 5 |  5.4
Throwing       | |  1.9

Action                   |  1- 3 |  4- 6 |  7- 9 | 10-12 || total
-------------------------+-------+-------+-------+-------++-------
Melee: Unarmed           |   102 |   208 |   393 |   524 ||  1227
       Punch             |     1 |     7 |    15 |    47 ||    70
Throw: Throwing net      |     1 |       |     2 |     2 ||     5
Invok: Heroism           |       |       |     1 |    15 ||    16
  Use: Potion            |       |     2 |     9 |     3 ||    14
       Scroll            |       |     4 |     6 |     8 ||    18
 Stab: Held in net/web   |     1 |       |       |     1 ||     2
Armor: Leather armour    |    25 |       |       |       ||    25
       Scale mail        |     4 |   148 |    57 |       ||   209
       Plate armour      |       |       |   146 |   176 ||   322
       Chain mail        |       |       |       |   100 ||   100
Dodge: Dodged            |    53 |   140 |   233 |   313 ||   739
       Repelled          |       |       |       |     6 ||     6
Block: Other             |       |       |       |    89 ||    89
       Reflection        |       |       |       |     5 ||     5

Table legend: (Time is in decaauts)
 A = Elapsed time spent in this place.
 B = Non-inter-level travel time spent in this place.
 C = Inter-level travel time spent in this place.
 D = Time resting spent in this place.
 E = Time spent auto-exploring this place.
 F = Levels seen in this place.
 G = Mean time per level.
                   A        B        C        D        E       F      G
               +--------+--------+--------+--------+--------+-----+--------+
         Total |  13500 |  13151 |    349 |   2567 |   8217 |  16 |  843.8 |
       Dungeon |  12974 |  12634 |    340 |   2363 |   8040 |  14 |  926.7 |
        Temple |     20 |     11 |      9 |      0 |      1 |   1 |   20.0 |
         Sewer |    505 |    505 |      0 |    204 |    176 |   1 |  505.0 |
               +--------+--------+--------+--------+--------+-----+--------+

Top non-repeatable levels by time:
     D:9: 2172 daAuts
    D:10: 1337 daAuts
    D:11: 1263 daAuts
     D:6: 1035 daAuts
    D:12: 1028 daAuts
    D:13: 1001 daAuts
     D:3: 922 daAuts
     D:1: 841 daAuts
     D:7: 835 daAuts
     D:4: 764 daAuts
     D:5: 714 daAuts
     D:2: 630 daAuts
   Sewer: 505 daAuts
     D:8: 388 daAuts
    D:14: 41 daAuts
